 Dungeon Crawl Stone Soup version 0.28.0-53-g5a82cb258f (webtiles) character file.

Game seed: 6952638490622466289

95 Plasmagod the Conjurer (level 4, -1/24 HPs)
             Began as a Deep Elf Conjurer on July 23, 2022.
             Slain by a scorpion (7 damage)
             ... on level 4 of the Dungeon.
             The game lasted 00:04:55 (2305 turns).

Plasmagod the Conjurer (Deep Elf Conjurer)          Turns: 2305, Time: 00:04:55

Health: -1/24      AC:  3    Str:  4    XL:     4   Next: 40%
Magic:  11/11      EV: 12    Int: 25    God:
Gold:   139        SH:  3    Dex: 13    Spells: 7/10 levels left

rFire   . . .      SeeInvis .   (no weapon)
rCold   . . .      Faith    .   n - +0 buckler
rNeg    . . .      Spirit   .   a - +0 robe
rPois   .          Reflect  .   (no helmet)
rElec   .          Harm     .   (no cloak)
rCorr   .          Rampage  .   (no gloves)
Will    +....                   d - +0 pair of boots
Stlth   ++........              (no amulet)
HPRegen 0.08/turn               e - ring of willpower
MPRegen 0.12/turn               (no ring)

@: lethally poisoned (-1 -> -14)
A: no striking features
a: no special abilities


You were on level 4 of the Dungeon.
You visited 1 branch of the dungeon, and saw 4 of its levels.

You collected 139 gold pieces.

Inventory:

Armour
 a - a +0 robe (worn)
 d - a +0 pair of boots (worn)
 n - a +0 buckler (worn)
Jewellery
 e - a ring of willpower (left hand)
Scrolls
 c - 2 scrolls of identify {unknown}
 g - a scroll of silence {unknown}
 h - a scroll of fog {unknown}
 j - a scroll of fear {unknown}
 l - a scroll of enchant armour {unknown}
 q - a scroll of immolation {unknown}
Potions
 b - 2 potions of invisibility {unknown}
 f - a potion of magic
 i - 2 potions of ambrosia {unknown}
 k - a potion of heal wounds {unknown}
 m - a potion of might {unknown}
 o - a potion of curing {unknown}
 p - a potion of attraction {unknown}


   Skills:
 + Level 2.7 Dodging
 + Level 2.8 Stealth
 * Level 0.1 Shields
 + Level 3.8 Spellcasting
 + Level 5.9 Conjurations


You had 7 spell levels left.
You knew the following spells:

 Your Spells              Type           Power      Damage    Failure   Level
a - Magic Dart            Conj           100%       1d8       1%          1
b - Searing Ray           Conj           68%        2d6       1%          2

Your spell library contained the following spells:

 Spells                   Type           Power      Damage    Failure   Level
 Shock                    Conj/Air       76%        1d7       3%          1
 Dazzling Flash           Conj/Hex       38%        N/A       12%         3
 Swiftness                Air            4%         N/A       36%         3
 Fulminant Prism          Conj/Hex       9%         3d7       36%         4
 Iskenderun's Mystic Bla  Conj/Tloc      19%        2d6       36%         4
 Airstrike                Air            2%         N/A       77%         4


Dungeon Overview and Level Annotations

Branches:
Dungeon (4/15)
 Temple: D:4-7

Altars:
Sif Muna

Shops:
D:2 :


Message History

Aim: a scorpion (81% to hit)
The searing ray hits the scorpion.
The scorpion is lightly wounded. (Press . to maintain the ray.)
The searing ray hits the scorpion.
The scorpion is moderately wounded.
The kobold throws a stone.
The stone hits you but does no damage.
The searing ray misses the scorpion.
You block the scorpion's attack.
The searing ray hits the scorpion.
The scorpion is heavily wounded.
You finish channelling your searing ray.
You hear the slow rusting of a drain very nearby.
The scorpion stings you. The scorpion barely misses you.
Casting: Searing Ray (safe; 1% risk of failure)
Confirm with . or Enter, or press ? or * to list all spells.
Aiming: Searing Ray (safe; 1% risk of failure)
Press: ? - help, Shift-Dir - straight line, f/p - scorpion
Aim: a scorpion (heavily wounded, 81% to hit)
The searing ray hits the scorpion.
The scorpion is severely wounded. (Press . to maintain the ray.)
You block the scorpion's attack.
The searing ray hits the scorpion.
The scorpion is almost dead.
The searing ray hits the kobold!
You kill the kobold!
The scorpion stings you.
You are poisoned.
The scorpion poisons you!
The searing ray misses the scorpion.
You feel very sick. The scorpion stings you.
You are lethally poisoned!
The scorpion poisons you!
It was a potion of magic.
Magic courses through your body.
* * * LOW HITPOINT WARNING * * *
You feel very sick. The scorpion stings you!
You die...

#....##.#
#.#.#.##.##.#
#####.....)...#.#
.......####.#.#.#
....(.. #.#.#.#
....... #.#...#
....... ..##..#
.......#######..#
.......)s@.....>#
.......########'##
....... #.....†..#
....... #........#
....... #.....[..#
....... #........#
....... #........#
##.##'# ##########


You could see a scorpion.

Vanquished Creatures
  Jessica (D:2)
  4 adders (D:3)
  A worm (D:3)
  A dart slug (D:3)
  2 ball pythons
  An endoplasm (D:3)
  3 giant cockroaches
  A goblin (D:1)
  3 hobgoblins
  3 quokkas
  2 bats
  3 frilled lizards
  3 kobolds
  3 rats
31 creatures vanquished.

Notes
Turn   | Place    | Note
-------+----------+-------------------------------------------
     0 | D:1      | Plasmagod the Deep Elf Conjurer began the quest for the
                  | Orb.
     0 | D:1      | Reached XP level 1. HP: 10/10 MP: 6/6
   819 | D:2      | Reached XP level 2. HP: 15/15 MP: 5/8
   823 | D:2      | Learned a level 2 spell: Searing Ray
   886 | D:2      | Found a shimmering blue altar of Sif Muna.
   923 | D:2      | Noticed Jessica
   926 | D:2      | Killed Jessica
   927 | D:2      | Reached skill level 5 in Conjurations
   927 | D:2      | Reached XP level 3. HP: 19/19 MP: 4/9
  1141 | D:2      | Found Edetiank's Book Shop.
  1796 | D:3      | Reached XP level 4. HP: 24/24 MP: 6/11
  2293 | D:4      | Noticed a scorpion
  2305 | D:4      | Slain by a scorpion

Illustrated notes

Levels and vault maps discovered:
D:1:      lemuel_arrival_hallway, layout_loops_cross, serial_bayou_lake_a
D:2:      layout_basic, basic_altar, serial_shops, shop, grunt_decor_one_mirror,
          uniq_jessica
D:3:      layout_loops_ring
D:4:      layout_basic, gup_sewer_entry_bubbles, minmay_misc_feat_alley,
          uniq_ijyb, uniq_robin

Skill      XL: |  1  2 |
---------------+-------+-----
Conjurations   | 5 |  5.9
Dodging        | |  2.7
Stealth        | |  2.8
Shields        | |  0.1
Spellcasting   | |  3.8

Action                   |  1- 3 |  4- 6 || total
-------------------------+-------+-------++-------
 Cast: Magic Dart        |    36 |    20 ||    56
       Searing Ray       |     3 |     3 ||     6
  Use: Potion            |       |     1 ||     1
Armor: Robe              |     1 |     2 ||     3
Dodge: Dodged            |     2 |     1 ||     3
Block: Buckler           |       |     2 ||     2
